 Dungeon Crawl Stone Soup version 0.24.0-123-gd5b16e6ec5 (webtiles) character file.

Game seed: 11656636054428998961, levelgen mode: deterministic

112 FishyPogo the Changer (level 4, 0/30 HPs)
             Began as an Octopode Transmuter on Dec 24, 2019.
             Succumbed to kobold's curare-tipped dart
             ... on level 3 of the Dungeon.
             The game lasted 00:08:44 (1663 turns).

FishyPogo the Changer (Octopode Transmuter)         Turns: 1663, Time: 00:08:45

Health: 0/30       AC:  1    Str:  8 (9)  XL:     4   Next: 93%
Magic:  7/7        EV: 13    Int: 23 (25) God:
Gold:   138        SH:  6    Dex: 12 (13) Spells: 3/7 levels left

rFire    . . .     SeeInvis .     - Unarmed
rCold    . . .     Gourm    .   (no shield)
rNeg     . . .     Faith    .   (helmet restricted)
rPois    .         Spirit   .   j - +6 amulet of reflection
rElec    .         Reflect  +   f - ring of stealth
rCorr    .         Harm     .   k - +5 ring of intelligence
MR       .....                  (no ring)
Stlth    +++.......             (no ring)
HPRegen  0.10/turn              (no ring)
MPRegen  0.10/turn              (no ring)
                                (no ring)
                                (no ring)

@: brilliant, lethally poisoned (0 -> -4), berserk cooldown, flying, slowed,
lightly drained, very slow
A: almost no armour, stealthy swim, amphibious, 8 rings, constrict 8, camouflage
1, gelatinous body 1
a: no special abilities


You were on level 3 of the Dungeon.
You were hungry.

You visited 1 branch of the dungeon, and saw 3 of its levels.

You collected 138 gold pieces.

Inventory:

Missiles
 a - 20 arrows
 d - 33 stones (quivered)
 g - 5 curare-tipped darts
 l - 15 poisoned darts
Jewellery
 f - a ring of stealth (left tentacle)
 j - a +6 amulet of reflection (around mantle)
 k - a +5 ring of intelligence (right tentacle)
Wands
 q - a wand of flame (13)
Scrolls
 e - a scroll of enchant weapon
 i - 2 scrolls of teleportation {unknown}
 n - a scroll of remove curse {unknown}
 o - a scroll of random uselessness {unknown}
 r - a scroll of magic mapping {unknown}
Potions
 m - a potion of degeneration
Comestibles
 b - 6 chunks of flesh
 c - 5 rations


   Skills:
 * Level 2.5(2.1) Fighting
 + Level 2.6(2.2) Dodging
 + Level 0.7(0.4) Stealth
 - Level 3.0(2.6) Unarmed Combat
 - Level 2.0(1.6) Spellcasting
 * Level 3.2(2.9) Transmutations
 * Level 1.8(1.4) Poison Magic


You had 3 spell levels left.
You knew the following spells:

 Your Spells              Type           Power        Failure   Level  Hunger
u - Spider Form           Tmut/Pois      ####......   1%          3    ###....
y - Beastly Appendage     Tmut           ####..       1%          1    #......

Your spell library contained the following spells:

 Spells                   Type           Power        Failure   Level  Hunger
 Sticks to Snakes         Tmut           ####....     1%          2    ###....
 Ice Form                 Ice/Tmut       ###.....     9%          4    #####..
 Blade Hands              Tmut           ####......   13%         5    ######.


Dungeon Overview and Level Annotations

Branches:
Dungeon (3/15)

Altars:


Innate Abilities, Weirdness & Mutations

You cannot wear most types of armour.
You are very stealthy in the water. (Stealth+)
You are amphibious.
You can wear up to eight rings at the same time.
You can use your tentacles to constrict eight enemies at once.
Your skin changes colour to match your surroundings (Stealth+).
Your rubbery body absorbs attacks. (AC +1, EV +1)


Message History

* * * LOW HITPOINT WARNING * * *
You feel sick.
You can move again.
You see here a glowing sapphire potion.
It was a potion of brilliance.
You feel clever all of a sudden.
* * * LOW HITPOINT WARNING * * *
You feel sick.
It was a potion of flight.
You feel very buoyant.
You fly up into the air.
* * * LOW HITPOINT WARNING * * *
You feel sick.
As you read the scroll labeled XIENNAUSCH FAYHOIPH, it crumbles to dust.
It is a scroll of enchant weapon.
You aren't carrying any weapons that can be enchanted.
* * * LOW HITPOINT WARNING * * *
You feel sick.
Unknown command.
You die...

#......# #.#
######.# #.#
#.# #.# #.# #.#
#.# #.# # #.#
#.####.# #.#
#?.....## #.#
#........ #.#
♣@♣#♣.♣ #.#
#.....# #.#
♣.....♣## #.#
#........#
#.###♣.....♣#..
#...(†(....# #
#####♣.♣#♣#♣
...# .♣#♣


There were no monsters in sight!

Vanquished Creatures
  An adder (D:2)
  3 gnolls (D:3)
  A worm (D:2)
  3 dart slugs
  4 leopard geckos
  3 bats
  5 giant cockroaches
  9 hobgoblins
  A jackal (D:3)
  4 quokkas
  2 ball pythons (D:2)
  4 frilled lizards
  7 goblins
  6 kobolds
  5 rats
58 creatures vanquished.

Notes
Turn   | Place    | Note
-------+----------+-------------------------------------------
     0 | D:1      | FishyPogo the Octopode Transmuter began the quest for the
                  | Orb.
     0 | D:1      | Reached XP level 1. HP: 13/13 MP: 3/3
    55 | D:1      | Reached XP level 2. HP: 18/18 MP: 1/5
   631 | D:1      | Reached XP level 3. HP: 24/24 MP: 4/6
   636 | D:1      | Learned a level 3 spell: Spider Form
   933 | D:2      | Reached skill level 1 in Poison Magic
  1183 | D:2      | Reached XP level 4. HP: 28/29 MP: 7/7
  1660 | D:3      | HP: 1/30 [poisoned by kobold (curare-tipped dart)]
  1663 | D:3      | Succumbed to kobold's curare-tipped dart

Levels and vault maps discovered:
D:1:      psy_arrival_fountain, layout_basic, minmay_pentomino_z4
D:2:      layout_loops_ring
D:3:      layout_loops_ring, trog_eyes_of_draining, dancing_weapons_uskayaw,
          bloody_makhleb, serial_forest, infiniplex_forest_lined_room_2,
          infiniplex_forest_lined_room_2, infiniplex_forest_lined_3,
          infiniplex_forest_corner_2, infiniplex_forest_clump_small,
          infiniplex_forest_end_3, infiniplex_forest_lined_ring, first_ration

Skill      XL: |  1  2  3 |
---------------+----------+-----
Fighting       | 2 |  2.5
Poison Magic   | 1 |  1.8
Transmutations | 3 |  3.2
Dodging        | |  2.6
Stealth        | |  0.7
Unarmed Combat | |  3.0
Spellcasting   | |  2.0

Action                   |  1- 3 |  4- 6 || total
-------------------------+-------+-------++-------
Melee: Unarmed           |    92 |    37 ||   129
       Constrict         |    29 |     4 ||    33
       Tentacles         |    18 |     3 ||    21
       Kick              |    16 |     2 ||    18
 Cast: Beastly Appendage |    22 |     1 ||    23
       Spider Form       |     2 |     2 ||     4
  Use: Potion            |       |     4 ||     4
       Scroll            |       |     1 ||     1
 Stab: Sleeping          |     5 |     3 ||     8
  Eat: Chunk             |     2 |     1 ||     3
Armor: Skin              |     5 |     1 ||     6
Dodge: Dodged            |    39 |    22 ||    61
Block: Other             |     8 |     5 ||    13
